 Dungeon Crawl Stone Soup version 0.20-a0-854-g0cc194a (webtiles) character file.

46374 nubinia the Eclecticist (level 14, -5/76 HPs)
             Began as a Deep Elf Necromancer on Mar 11, 2017.
             Was a High Priest of Sif Muna.
             Slain by a blink frog (15 damage)
             ... on level 4 of the Lair of Beasts.
             The game lasted 03:08:50 (20116 turns).

nubinia the Eclecticist (Deep Elf Necromancer)     Turns: 20116, Time: 03:08:51

Health: -5/76      AC:  9    Str:  5    XL:     14   Next: 4%
Magic:  35/38      EV: 20    Int: 23    God:    Sif Muna [*****.]
Gold:   1253       SH:  6    Dex: 21    Spells: 5/49 levels left

rFire    . . .     SeeInvis .   a - +2 dagger (venom)
rCold    . . .     Gourm    .   W - +2 robe {MR+}
rNeg     . . .     Faith    .   C - +0 buckler
rPois    +         Spirit   .   (helmet restricted)
rElec    .         Reflect  .   g - +1 cloak
rCorr    .         Harm     .   j - +1 pair of gloves
MR       ++...                  x - +0 pair of boots
Stlth    ++++......             F - amulet of magic regeneration
Regen    0.3/turn               H - ring of poison resistance
MPRegen  0.4/turn               I - +5 ring of dexterity

@: swift (expiring), divine energy, very quick
A: antennae 1, fangs 1, clumsy 1, wild magic 1
a: Stop Divine Energy, Channel Magic, Forget Spell, Renounce Religion


You were on level 4 of the Lair of Beasts.
You worshipped Sif Muna.
Sif Muna was extremely pleased with you.
You were not hungry.

You visited 3 branches of the dungeon, and saw 19 of its levels.
You also visited: Ice Cave.

You collected 1634 gold pieces.
You spent 381 gold pieces at shops.

Inventory:

Hand Weapons
 a - a +2 dagger of venom (weapon)
 E - a +0 blowgun
 L - a +0 dagger of protection
 Y - a +1 short sword of freezing
Missiles
 A - 483 stones (quivered)
 Z - 34 poisoned needles
Armour
 g - a +1 cloak (worn)
 j - a +1 pair of gloves (worn)
 x - a +0 pair of boots (worn)
 C - a +0 buckler (worn)
 G - a +2 robe of cold resistance
 M - the +3 buckler of Repulsion {rElec rF- Str-3 Stlth+}
   (You bought it in a shop on level 9 of the Dungeon)

   It affects your strength (-3).
   It makes you vulnerable to fire.
   It insulates you from electricity.
   It makes you more stealthy.
 N - the +0 robe of the Salamander {MR++ Str-2 Int+4 SInv}
   (You found it on level 6 of the Dungeon)

   It affects your strength (-2).
   It affects your intelligence (+4).
   It affects your resistance to hostile enchantments.
   It lets you see invisible.
 W - a +2 robe of magic resistance (worn)
Jewellery
 c - an uncursed ring of fire
 h - an uncursed ring of protection from cold
 l - an uncursed ring of resist corrosion
 r - an uncursed ring of positive energy
 F - an amulet of magic regeneration (around neck)
 H - a ring of poison resistance (right hand)
 I - a +5 ring of dexterity (left hand)
 T - an uncursed ring of ice
 V - an uncursed ring of protection from fire
Wands
 e - a wand of confusion (22/48)
 n - a wand of flame (24/48)
 w - a wand of random effects (28/48)
 y - a wand of iceblast (4/15)
 z - a wand of lightning (3/15)
 B - a wand of iceblast (5/15)
 J - a wand of digging (2/24)
 Q - a wand of disintegration (6/24)
 R - a wand of disintegration (12/24)
Scrolls
 f - 2 scrolls of identify
 i - 4 scrolls of amnesia
 k - 12 scrolls of remove curse
 s - 6 scrolls of enchant armour
 u - a scroll of recharging
 P - a scroll of magic mapping
Potions
 b - a potion of flight
 d - 3 potions of haste
 m - 4 potions of brilliance
 o - 2 potions of ambrosia
 p - a potion of magic
 q - 2 potions of curing
 t - 2 potions of mutation
 O - a potion of resistance
Books
 K - a book of Cantrips

   Spells                             Type                      Level
   a - Confusing Touch                Hexes                        1
   b - Animate Skeleton               Necromancy                   1
   c - Summon Small Mammal            Summoning                    1
   d - Apportation                    Translocation                1
 U - Sif Muna's Reference Book on the Congealing Traveller
   (Sif Muna gifted it to you on level 4 of the Lair of Beasts)

   Spells                             Type                      Level
   a - Shroud of Golubria             Charms/Translocation         2
   b - Throw Frost                    Conjuration/Ice              2
   c - Passage of Golubria            Translocation                4
   d - Summon Forest                  Summoning/Translocation      5
Miscellaneous
 v - 2 phantom mirrors
Comestibles
 D - 3 fruits


   Skills:
 + Level 4.0 Fighting
 + Level 5.8 Short Blades
   Level 0.7(0.8) Slings
 + Level 0.4(0.8) Throwing
 + Level 9.7 Dodging
 + Level 7.9 Stealth
 - Level 3.0 Shields
 + Level 18.0 Spellcasting
 * Level 5.7 Conjurations
 * Level 6.0 Charms
 + Level 15.7 Necromancy
 + Level 0.2 Invocations
 + Level 1.0 Evocations


You had 5 spell levels left.
You knew the following spells:

 Your Spells              Type           Power        Failure   Level  Hunger
a - Pain                  Necr           ####         1%          1    None
b - Vampiric Draining     Necr           #######...   1%          3    None
c - Control Undead        Necr           #######...   1%          4    None
d - Animate Dead          Necr           N/A          1%          4    None
e - Swiftness             Chrm/Air       #####...     2%          2    None
f - Dispel Undead         Necr           #######.     1%          5    None
g - Agony                 Necr           #######.     1%          5    None
h - Corpse Rot            Necr           N/A          1%          2    None
i - Sublimation of Blood  Necr           #######...   1%          2    None
j - Excruciating Wounds   Chrm/Necr      #######...   1%          5    None
k - Bolt of Draining      Conj/Necr      ######....   1%          5    None
l - Shroud of Golubria    Chrm/Tloc      #####.....   2%          2    None
r - Regeneration          Chrm/Necr      #######...   1%          3    None
s - Animate Skeleton      Necr           N/A          1%          1    None


Dungeon Overview and Level Annotations

Branches:
Dungeon (12/15)            Temple (1/1) D:5            Lair (6/6) D:11
 Shoals (0/4) Lair:3       Spider (0/4) Lair:2
  Slime: Lair:5-6       Orc: D:9-12

Altars:
Ashenzari
Cheibriados
Dithmenos
Elyvilon
Fedhas
Gozag
Hepliaklqana
Kikubaaqudgha
Nemelex Xobeh
Okawaru
Qazlal
Ru
Sif Muna
Trog
Uskayaw
Wu Jian
Yredelemnul
Zin
The Shining One

Shops:
D:9 [   D:10 (   D:12 *

Portals:
Trove: D:10 (give 10 potions of heal wounds)

Annotations:
D:4 Grinder
D:5 HEYYEYAAE's ghost, novice VSCK
D:6 George's ghost, novice MiFi
D:8 spectralradius's ghost, novice MfSk
D:9 HEYYEYAAE's ghost, journeyman VSCK


Innate Abilities, Weirdness & Mutations

You have a pair of small antennae on your head.
You have very sharp teeth.
You are clumsy. (Dex -2)
Your spells are a little harder to cast, but a little more powerful.


Message History

The blink frog croaks.
There is a stone staircase leading up here.
You start to feel a little slower.
The blink frog croaks.
You block the blink frog's attack. The blink frog hits you.
* * * LOW HITPOINT WARNING * * *
The blink frog blinks!
You climb upwards.
There is a stone staircase leading down here.
Unknown command.
Unknown command.
Unknown command.
Casting: Swiftness
Confirm with . or Enter, or press ? or * to list all spells.
Aiming: Vampiric Draining
Press: ? - help, Shift-Dir - straight line, f - blink frog
Aim: a blink frog The blink frog is heavily wounded.
You feel life coursing into your body. The blink frog hits you!
You die...

##.####.'......#.................
........#.......#................
............8...#................
.......##........#...............
.......#####......##P#.>.........
.......#####....8..####..#.......
....................##.8..#......
.......+.......F....#.....###....
.##..PP#...8..8.@.8.+..>.8####...
.......+.......F....#.....#......
.......#Z...........##.8.#.......
.##.#.#.####....8...###.#........
#####..#####......##.............
#...#......!.##...##.....#...
#.P.....8...##..P#.#PP...#...
#..........##...##.##....#...
#.........###<#######<...##..


You could see 2 blink frogs.

Vanquished Creatures
  Erolcha (D:10)
  6 hydras
  The ghost of Jano the Transmogrifier, a journeyman DrTm of Ru (D:11)
  3 ice dragons
  2 death yaks (D:12)
  2 two-headed ogres (D:9)
  An unseen horror (D:11)
  Pikel (D:7)
  A wolf spider (Lair:2)
  A cyclops (D:11)
  A merfolk siren (Lair:3)
  3 black mambas
  4 elephants
  4 spiny frogs
  3 torpor snails (Lair:4)
  4 rime drakes
  A kobold demonologist (D:9)
  5 komodo dragons
  3 trolls
  3 jumping spiders
  2 polar bears (D:11)
  3 hornets (D:9)
  A merfolk (Lair:3)
  11 blink frogs
  A hippogriff (Lair:3)
  9 dream sheep
  A wyvern (D:9)
  A basilisk (Lair:2)
  24 yaks
  2 steam dragons
  A hungry ghost (D:9)
  A soldier ant (D:12)
  An acid dragon (D:11)
  7 water moccasins
  4 porcupines
  3 orc warriors
  15 ice beasts
  2 sky beasts
  A black bear (D:9)
  A necrophage (D:11)
  9 wolves
  9 ogres (D:9)
  2 centaurs
  4 crocodiles
  5 big kobolds
  15 bullfrogs
  A wyvern zombie (D:12)
  A water moccasin zombie (D:9)
  3 scorpions
  4 killer bees (D:8)
  12 wights
  2 howler monkeys
  2 crimson imps
  A bullfrog zombie (D:5)
  3 hounds
  A bullfrog skeleton (D:5)
  2 centaur skeletons
  2 orc priests
  4 jellies
  2 iguanas
  5 orc wizards
  Natasha (D:4)
  2 hell rats (Lair:5)
  14 worker ants
  A hound skeleton (D:11)
  13 adders
  5 gnolls
  2 shadow imps
  4 worms
  2 dart slugs
  3 leopard geckos
  18 orcs
  8 bats
  2 giant cockroaches
  13 goblins
  11 hobgoblins
  3 jackals (D:11)
  5 quokkas
  9 frilled lizards
  A giant cockroach zombie (D:6)
  2 goblin skeletons (D:7)
  2 hobgoblin zombies (D:7)
  17 kobolds
  A kobold zombie (D:7)
  12 rats
381 creatures vanquished.

Vanquished Creatures (collateral kills)
  An ogre mage (D:9)
  6 two-headed ogres
  3 death yaks
  A lindwurm (Lair:3)
  An elephant (Lair:2)
  A centaur zombie (D:11)
  A merfolk siren (Lair:3)
  A black mamba (Lair:5)
  A spiny frog (Lair:4)
  A kobold demonologist (D:9)
  A komodo dragon (Lair:2)
  2 polar bears
  A merfolk (Lair:3)
  A hornet (D:9)
  4 blink frogs
  2 dream sheep
  3 hippogriffs
  A redback (Lair:2)
  A shadow (D:12)
  12 yaks
  A wyvern (Lair:4)
  A basilisk (Lair:2)
  A hungry ghost (D:7)
  A porcupine (Lair:1)
  2 orc warriors
  4 ice beasts
  A sky beast (D:6)
  A necrophage (D:12)
  6 wolves
  7 ogres (D:9)
  2 centaurs
  3 crocodiles
  A big kobold (D:11)
  6 bullfrogs
  A gnoll sergeant (D:9)
  2 scorpions
  9 wights
  2 howler monkeys (D:8)
  2 crimson imps
  A quasit (D:10)
  2 orc priests
  2 hounds
  An orc wizard (D:10)
  2 centaur skeletons
  An iron imp (D:7)
  Natasha (twice) (D:4)
  3 hell rats (Lair:3)
  2 worker ants
  A hound zombie (D:10)
  Robin (D:2)
  9 gnolls
  An adder (D:8)
  An adder skeleton (D:7)
  A worm (D:4)
  A dart slug (D:1)
  A leopard gecko (D:8)
  8 orcs
  2 bats (D:2)
  2 giant cockroaches
  4 goblins
  A hobgoblin (D:2)
  2 jackals
  A frilled lizard (D:4)
  A goblin skeleton (D:7)
  A goblin zombie (D:7)
  4 kobolds (D:11)
  A kobold skeleton (D:7)
  2 kobold zombies (D:7)
  An orc zombie (D:7)
  A rat (D:3)
  4 fungi
  3 plants
168 creatures vanquished.

Vanquished Creatures (others)
  2 slaves (D:7)
  An ogre (D:7)
  A fungus (Lair:4)
  3 plants
7 creatures vanquished.

Grand Total: 556 creatures vanquished

Notes
Turn   | Place    | Note
-------+----------+-------------------------------------------
     0 | D:1      | nubinia the Deep Elf Necromancer began the quest for the Orb.
     0 | D:1      | Reached XP level 1. HP: 10/10 MP: 6/6
    48 | D:1      | Reached skill level 5 in Necromancy
   236 | D:1      | Learned a level 1 spell: Animate Skeleton
   478 | D:1      | Reached XP level 2. HP: 12/15 MP: 4/8
  1146 | D:2      | Reached XP level 3. HP: 19/19 MP: 8/10
  1183 | D:2      | Learned a level 3 spell: Vampiric Draining
  1200 | D:2      | Reached skill level 4 in Spellcasting
  1204 | D:2      | Noticed Robin
  1648 | D:2      | Reached XP level 4. HP: 13/24 MP: 0/12
  1654 | D:2      | Learned a level 4 spell: Control Undead
  1851 | D:2      | Killed Robin
  1991 | D:2      | Found a bloodstained altar of Trog.
  2097 | D:2      | Learned a level 3 spell: Regeneration
  2289 | D:3      | Reached XP level 5. HP: 27/28 MP: 9/14
  2299 | D:3      | Reached skill level 5 in Spellcasting
  2431 | D:3      | HP: 1/28 [orc priest/divine providence (12)]
  3039 | D:3      | Found a blossoming altar of Fedhas.
  3039 | D:3      | Found a hazy altar of Hepliaklqana.
  3565 | D:4      | Noticed Grinder
  3664 | D:4      | Reached XP level 6. HP: 30/33 MP: 11/16
  3670 | D:4      | Learned a level 4 spell: Animate Dead
  3759 | D:4      | Noticed Natasha
  3767 | D:4      | Killed Natasha
  3767 | D:4      | Reached skill level 6 in Spellcasting
  3922 | D:4      | Noticed Natasha
  3934 | D:4      | Killed Natasha
  4260 | D:4      | Noticed Natasha
  4280 | D:4      | Killed Natasha
  4397 | D:4      | Found an opulent altar of Gozag.
  4402 | D:4      | Reached XP level 7. HP: 34/37 MP: 13/18
  4474 | D:4      | Reached skill level 1 in Short Blades
  4669 | D:5      | Entered Level 5 of the Dungeon
  4669 | D:5      | Found a staircase to the Ecumenical Temple.
  4676 | Temple   | Entered the Ecumenical Temple
  4760 | Temple   | Became a worshipper of Sif Muna the Loreminder
  4814 | D:5      | Noticed HEYYEYAAE's ghost (novice VSCK)
  5006 | D:6      | Found a shadowy altar of Dithmenos.
  5022 | D:6      | Reached skill level 1 in Fighting
  5022 | D:6      | Reached skill level 7 in Spellcasting
  5187 | D:6      | Found a bloodstained altar of Trog.
  5212 | D:6      | Reached XP level 8. HP: 37/43 MP: 5/21
  5374 | D:6      | Reached skill level 8 in Spellcasting
  5396 | D:6      | Noticed George's ghost (novice MiFi)
  5545 | D:5      | Reached * piety under Sif Muna
  6098 | D:7      | Found a snail-covered altar of Cheibriados.
  6148 | D:7      | Reached skill level 5 in Dodging
  6148 | D:7      | Reached skill level 1 in Charms
  6171 | D:7      | Noticed Pikel
  6194 | D:7      | Killed Pikel
  6194 | D:7      | Reached skill level 5 in Stealth
  6194 | D:7      | Reached skill level 9 in Spellcasting
  6249 | D:7      | Reached XP level 9. HP: 47/47 MP: 16/24
  6488 | D:7      | Found a glowing golden altar of the Shining One.
  6605 | D:6      | Found a glowing silver altar of Zin.
  6605 | D:6      | Found a glowing golden altar of the Shining One.
  7016 | D:6      | Reached ** piety under Sif Muna
  7136 | D:8      | Noticed a troll
  7152 | D:8      | Killed a troll
  7406 | D:8      | Reached skill level 10 in Spellcasting
  7451 | D:8      | Noticed a two-headed ogre
  7465 | D:8      | Killed a two-headed ogre
  7465 | D:8      | Reached skill level 10 in Necromancy
  7608 | D:8      | Reached skill level 11 in Spellcasting
  7671 | D:8      | Noticed spectralradius's ghost (novice MfSk)
  7768 | D:9      | Found Goghihoc's Antique Armour Boutique.
  7799 | D:9      | Bought a translucent buckler for 266 gold pieces
  7810 | D:9      | Identified the +3 buckler of Repulsion {rElec rF- Str-3 Stlth+} (You bought it in a shop on level 9 of the Dungeon)
  7901 | D:9      | Reached *** piety under Sif Muna
  7915 | D:9      | Noticed a troll
  7930 | D:9      | Killed a troll
  7930 | D:9      | Reached XP level 10. HP: 33/53 MP: 5/27
  8048 | D:9      | Noticed a two-headed ogre
  8048 | D:9      | Noticed a two-headed ogre
  8048 | D:9      | Noticed a two-headed ogre
  8086 | D:10     | Entered Level 10 of the Dungeon
  8088 | D:10     | Found a portal to a secret trove of treasure.
  8091 | D:10     | Found Kuqe's Weapon Shoppe.
  8157 | D:9      | Noticed HEYYEYAAE's ghost (journeyman VSCK)
  8322 | D:6      | Got a distressingly furry robe
  8323 | D:6      | Identified the +0 robe of the Salamander {MR++ Str-2 Int+4 SInv} (You found it on level 6 of the Dungeon)
  8448 | D:5      | Reached skill level 1 in Shields
  9353 | D:9      | Reached skill level 12 in Spellcasting
 10042 | D:9      | Killed a two-headed ogre
 10059 | D:9      | Killed a two-headed ogre
 10059 | D:9      | Reached **** piety under Sif Muna
 10139 | D:9      | Noticed a two-headed ogre
 10147 | D:9      | Killed a two-headed ogre
 10147 | D:9      | Reached skill level 13 in Spellcasting
 10404 | D:9      | Noticed a two-headed ogre
 10405 | D:9      | Noticed a two-headed ogre
 10445 | D:9      | Killed a two-headed ogre
 10445 | D:9      | Reached XP level 11. HP: 7/58 MP: 17/30
 10496 | D:9      | Noticed an ogre mage
 10514 | D:9      | Killed an ogre mage
 10533 | D:9      | Killed a two-headed ogre
 10582 | D:9      | Noticed a two-headed ogre
 10596 | D:9      | Killed a two-headed ogre
 10727 | D:9      | Noticed a soul eater
 10731 | D:9      | Noticed a sun demon
 10866 | D:10     | Bought a +0 dagger of protection for 61 gold pieces
 10973 | D:10     | Reached skill level 14 in Spellcasting
 11091 | D:10     | Noticed Erolcha
 11112 | D:10     | Killed Erolcha
 11448 | D:11     | Noticed a death yak
 11454 | D:11     | Noticed Jano's ghost (journeyman DrTm)
 11458 | D:11     | Killed a death yak
 11458 | D:11     | Reached ***** piety under Sif Muna
 11482 | D:11     | Found a frozen archway.
 11494 | D:11     | Identified Sif Muna's Papyrus of the Congealing Voyage (Sif Muna gifted it to you on level 11 of the Dungeon)
 11494 | D:11     | Received a gift from Sif Muna
 11499 | D:11     | Noticed an ice dragon
 11527 | D:11     | Your ally Jano died
 11533 | D:11     | Killed an unseen horror
 11536 | D:11     | Killed an ice dragon
 11558 | D:11     | Reached skill level 15 in Spellcasting
 11658 | IceCv    | Entered an ice cave
 11697 | IceCv    | Learned a level 2 spell: Swiftness
 12200 | IceCv    | Reached XP level 12. HP: 64/64 MP: 33/33
 12246 | IceCv    | Noticed an ice dragon
 12247 | IceCv    | Noticed an ice dragon
 12289 | IceCv    | Killed an ice dragon
 12999 | D:11     | Reached skill level 5 in Short Blades
 13034 | D:11     | Noticed a two-headed ogre
 13046 | D:11     | Killed a two-headed ogre
 13385 | D:11     | Found a staircase to the Lair.
 13385 | D:11     | Noticed a death yak
 13392 | D:11     | Noticed a death yak
 13394 | D:11     | Noticed a death yak
 13394 | D:11     | Noticed a death yak
 13397 | D:11     | Killed a death yak
 13492 | D:12     | Noticed a five-headed hydra
 13504 | D:12     | Killed a five-headed hydra
 13552 | D:12     | Found Fuepeg's Assorted Antiques.
 13559 | D:12     | Bought 2 lumpy brown potions for 54 gold pieces
 13559 | D:12     | Gained mutation: You have very sharp teeth. [potion of mutation]
 13559 | D:12     | Gained mutation: Your spells are a little harder to cast, but a little more powerful. [potion of mutation]
 13559 | D:12     | Gained mutation: You are clumsy. (Dex -2) [potion of mutation]
 13559 | D:12     | Gained mutation: You have a pair of small antennae on your head. [potion of mutation]
 13692 | D:12     | Killed a death yak
 13821 | D:12     | Killed a death yak
 13821 | D:12     | Reached skill level 16 in Spellcasting
 13925 | D:12     | Killed a death yak
 13949 | Lair:1   | Entered Level 1 of the Lair of Beasts
 13959 | Lair:1   | Noticed a six-headed hydra
 14499 | D:11     | Killed an ice dragon
 14591 | D:11     | Killed a six-headed hydra
 14591 | D:11     | Received a gift from Sif Muna
 14598 | D:11     | Learned a level 5 spell: Dispel Undead
 14604 | D:11     | Learned a level 5 spell: Agony
 14756 | Lair:1   | Learned a level 2 spell: Corpse Rot
 14759 | Lair:1   | Learned a level 2 spell: Sublimation of Blood
 14765 | Lair:1   | Learned a level 5 spell: Excruciating Wounds
 14771 | Lair:1   | Learned a level 5 spell: Bolt of Draining
 15486 | Lair:2   | Reached skill level 1 in Conjurations
 15820 | Lair:2   | Noticed a seven-headed hydra
 15825 | Lair:2   | Killed a seven-headed hydra
 16082 | Lair:2   | Found a hole to the Spider Nest.
 16168 | Lair:2   | Reached XP level 13. HP: 45/70 MP: 11/35
 16744 | Lair:3   | Found a staircase to the Shoals.
 16746 | Lair:3   | Reached skill level 17 in Spellcasting
 16916 | Lair:3   | Reached skill level 15 in Necromancy
 18002 | Lair:4   | Found a snail-covered altar of Cheibriados.
 18114 | Lair:4   | Identified Sif Muna's Reference Book on the Congealing Traveller (Sif Muna gifted it to you on level 4 of the Lair of Beasts)
 18114 | Lair:4   | Received a gift from Sif Muna
 18119 | Lair:4   | Learned a level 2 spell: Shroud of Golubria
 18540 | Lair:5   | Reached skill level 5 in Conjurations
 18646 | Lair:5   | Reached skill level 5 in Charms
 19051 | Lair:4   | Reached skill level 1 in Evocations
 19588 | Lair:6   | Entered Level 6 of the Lair of Beasts
 19703 | Lair:5   | Reached skill level 18 in Spellcasting
 19859 | Lair:5   | Reached XP level 14. HP: 66/76 MP: 34/38
 20114 | Lair:5   | HP: 2/76 [blink frog (3)]
 20116 | Lair:4   | Slain by a blink frog

Vault maps used:
D:1:      zelgadis_glass_arrival_small, minmay_rat_gold_closets
D:2:      nicolae_overflow_crystal_walls, minmay_misc_feat_doors, uniq_robin
D:3:      gammafunk_temple_overflow_elements
D:4:      first_bread, roderic_serpentine_path, nicolae_gozag_seed_capital,
          uniq_grinder, uniq_natasha
D:5:      minmay_temple_entry_grid, minmay_stone_trees_small
D:6:      nicolae_overflow_hidden_temple, basic_altar, trog_butcher_becter
D:7:      marbit_many_paths, nicolae_tso_besieged_by_evil, uniq_pikel
D:9:      lemuel_ogre_cave, serial_shops, shop_statue,
          hangedman_pestilent_swarm, kb_rosetta
D:10:     serial_shops, shop, enter_trove_1, uniq_erolcha
D:11:     wad_pebble_path, dpeg_lair_monsters,
          portal_ice_cave_entry_animals_and_master
D:12:     david_orc_5, serial_shops, shop_fountains
Temple:   eino_temple_scatter_basement
Lair:1:   serial_bayou_pond_d
Lair:2:   spider_nest_entry_funnel_web
Lair:3:   elwin_shoals_entry_stream
Lair:4:   kennysheep_snail_temple, grunt_megastairs_3
Lair:5:   beast_lair_carwin_1
Lair:6:   due_jungle_book, minmay_slime_entry_eyes, serial_bayou_shore_b,
          grunt_megastairs_1
IceCv:    ice_cave_small_dragons

Skill      XL: |  1  2  3  4  5  6  7  8  9 10 11 12 13 14 |
---------------+-------------------------------------------+-----
Necromancy     | 5 6 7 8 9 10 12 13 14 15 | 15.7
Stealth        | 3 4 5 6 7 |  7.9
Spellcasting   | 4 5 6 7 9 11 13 15 16 18 | 18.0
Dodging        | 3 4 5 6 7 8 9 |  9.7
Short Blades   | 2 3 4 5 |  5.8
Fighting       | 1 2 3 4 |  4.0
Charms         | 1 2 3 5 6 |  6.0
Shields        | 1 2 3 |  3.0
Conjurations   | 2 5 |  5.7
Evocations     | 1 |  1.0
Slings         | |  0.7
Throwing       | |  0.4
Invocations    | |  0.2

Action                   |  1- 3 |  4- 6 |  7- 9 | 10-12 | 13-15 || total
-------------------------+-------+-------+-------+-------+-------++-------
Melee: Dagger            |    65 |   152 |   528 |   858 |   440 ||  2043
       Bite              |       |       |       |    29 |    55 ||    84
 Fire: Hunting sling     |       |     4 |    13 |     1 |       ||    18
       Blowgun           |       |       |       |     2 |       ||     2
Throw: Stone             |       |       |       |     8 |     1 ||     9
 Cast: Pain              |    30 |    60 |    28 |    48 |    38 ||   204
       Animate Skeleton  |    13 |    23 |     5 |    16 |    10 ||    67
       Vampiric Draining |     7 |    21 |    48 |   140 |   118 ||   334
       Animate Dead      |       |     7 |    21 |    47 |    43 ||   118
       Regeneration      |       |     2 |    10 |    27 |    11 ||    50
       Control Undead    |       |     1 |    14 |    33 |       ||    48
       Agony             |       |       |       |     5 |    16 ||    21
       Swiftness         |       |       |       |     1 |     1 ||     2
       Bolt of Draining  |       |       |       |       |     6 ||     6
Invok: Divine Energy     |       |       |     1 |       |       ||     1
       Channel Magic     |       |       |       |     1 |     1 ||     2
Evoke: Wand              |       |       |       |    11 |     6 ||    17
  Use: Scroll            |     2 |     5 |     5 |    22 |     3 ||    37
       Potion            |     1 |     2 |     3 |    12 |     1 ||    19
 Stab: Sleeping          |    11 |     5 |    11 |    22 |    11 ||    60
       Distracted        |       |       |     2 |     7 |     4 ||    13
  Eat: Chunk             |     3 |     9 |    12 |    26 |    16 ||    66
       Royal jelly       |       |     1 |     1 |       |       ||     2
       Fruit             |       |       |     2 |     6 |       ||     8
Armor: Robe              |    16 |     7 |    49 |   149 |    60 ||   281
       Animal skin       |       |    34 |   107 |       |       ||   141
       Skin              |       |       |       |    22 |       ||    22
Dodge: Dodged            |    45 |   115 |   350 |   689 |   400 ||  1599
Block: Buckler           |       |       |    43 |   192 |   122 ||   357
